 Dungeon Crawl Stone Soup version 0.27-a0-686-gaed091b46b (webtiles) character file.

Game seed: 16213082367350843999

2 jasper the Sneak (level 1, 0/18 HPs)
             Began as a Demonspawn Delver on Mar 21, 2021.
             Was an Initiate of Nemelex Xobeh.
             Killed from afar by Blork the orc (4 damage)
             ... with a magic dart
             ... on level 4 of the Dungeon.
             The game lasted 00:01:23 (216 turns).

jasper the Sneak (Demonspawn Delver)                 Turns: 216, Time: 00:01:24

Health: 0/18       AC:  3    Str: 12    XL:     1   Next: 25%
Magic:  1/1        EV: 11    Int: 11    God:    Nemelex Xobeh [......]
Gold:   0          SH:  0    Dex: 14    Spells: 0/0 levels left

rFire    . . .     SeeInvis .   a - +0 hand axe
rCold    . . .     Faith    .   (no shield)
rNeg     . . .     Spirit   .   b - +0 leather armour
rPois    .         Reflect  .   (no helmet)
rElec    .         Harm     .   (no cloak)
rCorr    .         Rampage  .   (no gloves)
Will     .....                  (no boots)
Stlth    +.........             (no amulet)
HPRegen  0.06/turn              (no ring)
MPRegen  0.07/turn              (no ring)

@: silenced
A: no striking features
a: Renounce Religion


You were on level 4 of the Dungeon.
You worshipped Nemelex Xobeh.
Nemelex Xobeh was noncommittal.
You visited 1 branch of the dungeon, and saw 2 of its levels.

Inventory:

Hand Weapons
 a - a +0 hand axe (weapon)
 e - the +2 dagger "Ysad" {holy, +Rage rN+ Int-4}
   (You found it on level 4 of the Dungeon)

   It has been blessed by the Shining One to cause great damage to the undead
   and demons.
   It affects your intelligence (-4).
   It protects you from negative energy.
   It lets you go berserk.
Armour
 b - a +0 leather armour (worn)
 j - a +0 scale mail
Wands
 g - a wand of digging (2)
Scrolls
 c - a scroll of fog
 d - a scroll of magic mapping
 i - a scroll of identify {unknown}


   Skills:
 - Level 3.0 Fighting
 - Level 2.0 Axes
 - Level 1.7 Dodging
 - Level 4.5 Stealth
 + Level 0.0 Invocations


You couldn't memorise any spells.
You didn't know any spells.
Your spell library was empty.

Dungeon Overview and Level Annotations

Branches:
Dungeon (5/15)
 Temple: D:4-7

Altars:
Nemelex Xobeh

Shops:
D:5 !

Annotations:
D:4 Blork the orc, Natasha


Message History

Found a paperback book.
Natasha barely misses you.
You see here a scroll of magic mapping.
d - 2 scrolls of magic mapping (gained 1)
As you read the scroll of magic mapping, it crumbles to dust.
You feel aware of your surroundings. Natasha barely misses you.
Aiming: Dig
Press: ? - help, Shift-Dir - straight line You can't see that place.
The rock shatters into small pieces.
Natasha claws you.
You take 3 damage, and have 15/18 hp.
Natasha casts a spell.
Natasha growls.
Unknown command.
Natasha casts a spell.
The worker ant misses you. The worker ant misses you.
Your extra speed is starting to run out.
Blork the orc comes into view.
He is wielding a +0 dire flail.
Blork the orc shouts!
You feel yourself slow down.
You aren't carrying any potions.
Unknown command.
As you read the scroll labelled JEAFFUF HUAGG, it crumbles to dust.
A profound silence engulfs you.
It was a scroll of silence.
Magic scrolls do not work when you're silenced!
You see here the +2 dagger "Ysad" {holy, +Rage rN+ Int-4}.
e - the +2 dagger "Ysad" {holy, +Rage rN+ Int-4} Blork the orc hits you with a +0 dire flail!
Ouch! That really hurt!
* * * LOW HITPOINT WARNING * * *
You take 13 damage, and have 4/18 hp.
MASSIVE DAMAGE!!
You aren't carrying any potions.
Blork the orc miscasts a cantrip. 2 orcs come into view.
An orc comes into view. It is wielding a +0 hand axe.
Blork the orc casts a spell at you. The magic dart hits you.
You die...
Your body disappears without a glow.

*,* *,,**#...........#
*,* *,,* #.#.##.#.##.#
*,****,,* #.#.#*.#..#,#
*,,,,,,,* #.#.##.#,.#,*
*,,***#.###....#.#,.#,*
*,,* #....B.....#,,*,*
*,,* ######....#.#,,*,*
**,,* #...oB......#,,*,*
**,<,**#@####.#.#..#,,*,*
*,#.......#*#........,*,*
*#.#.####......#.#.#..*,*
**,** *o###...o.....,,*
*** *.# #..#.#o#.**** *o#
#........**** *o#
*#.#.#.#,,,,, *.#
*,,,,,,,****
*,*******,,***


You could see Blork the orc, a worker ant and 3 orcs.

Vanquished Creatures
  A leopard gecko (D:5)
1 creature vanquished.

Notes
Turn   | Place    | Note
-------+----------+-------------------------------------------
     0 | D:5      | jasper the Demonspawn Delver began the quest for the Orb.
     0 | D:5      | Reached XP level 1. HP: 18/18 MP: 1/1
    44 | D:5      | Found Saegot's Distillery.
    77 | D:4      | Found a sparkling altar of Nemelex Xobeh.
    86 | D:4      | Became a worshipper of Nemelex Xobeh the Trickster
    90 | D:4      | Noticed a worker ant
   127 | D:4      | Noticed a worker ant
   128 | D:4      | Noticed an orc wizard
   164 | D:4      | Noticed Natasha
   194 | D:4      | Noticed Blork the orc
   211 | D:4      | Identified the +2 dagger "Ysad" {holy, +Rage rN+ Int-4}
   216 | D:4      | Killed from afar by Blork the orc

Illustrated notes

Levels and vault maps discovered:
D:4:      layout_loops_ring, nemelex_xobeh_ov_fountains_minmay, serial_glass,
          glass_columns_c, glass_columns_a, glass_columns_b, glass_columns_c,
          minmay_strange_pillars, due_unseen_surprise, uniq_natasha,
          uniq_blork_the_orc
D:5:      minmay_chambers_of_fours, layout_basic, zin_purify,
          minmay_temple_entry_drinking_statues, serial_shops, shop, shop_statue,
          kennysheep_little_box, shop_statue, nicolae_shop_waterfront,
          grunt_dithmenos_shadows

Skill      XL: |  1 |
---------------+----+-----
Axes           | 2 |  2.0
Fighting       | |  3.0
Dodging        | |  1.7
Stealth        | |  4.5

Action                   || total
-------------------------++-------
Melee: Hand axe          ||     4
Evoke: Wand              ||     1
  Use: Scroll            ||     3
       Potion            ||     1
Armor: Leather armour    ||     1
Dodge: Dodged            ||     7

Table legend: (Time is in decaauts)
 A = Elapsed time spent in this place.
 B = Non-inter-level travel time spent in this place.
 C = Inter-level travel time spent in this place.
 D = Time resting spent in this place.
 E = Time spent auto-exploring this place.
 F = Levels seen in this place.
 G = Mean time per level.
                   A        B        C        D        E       F      G
               +--------+--------+--------+--------+--------+-----+--------+
         Total |    197 |    197 |      0 |      0 |     39 |   2 |   98.5 |
       Dungeon |    197 |    197 |      0 |      0 |     39 |   2 |   98.5 |
               +--------+--------+--------+--------+--------+-----+--------+

Top non-repeatable levels by time:
     D:4: 139 daAuts
     D:5: 58 daAuts
